 Dungeon Crawl Stone Soup version 0.30-a0-1124-g6e8f0f562f (webtiles) character file.

Game seed: 17633221171563597411

252 mnelsen79 the Sneak (level 5, -3/26 HPs)
             Began as a Spriggan Brigand on Apr 23, 2023.
             Killed by divine providence
             ... invoked by an orc priest
              (12 damage)
             ... on level 4 of the Dungeon.
             The game lasted 01:23:48 (3778 turns).

mnelsen79 the Sneak (Spriggan Brigand)              Turns: 3778, Time: 01:23:49

Health: -3/26      AC:  3    Str:  7    XL:     5   Next: 89%
Magic:  6/6        EV: 38    Int: 12    God:
Gold:   99         SH:  0    Dex: 19    Spells: 4/4 levels left

rFire   . . .        a - +2 dagger
rCold   . . .        D - orb {*channel}
rNeg    + . .        b - +0 robe
rPois   .            (helmet restricted)
rElec   .            c - +0 cloak
rCorr   .            (gloves unavailable)
SInv    +            (boots unavailable)
Will    .....        k - amulet of the acrobat
Stlth   ++++         I - +5 ring of evasion
HPRegen 0.24/turn    R - ring of positive energy
MPRegen 0.10/turn

%: acrobat, channel magic (20%)
@: acrobatic, very quick
A: very small, no large weapons, unfitting armour, see invisible, speed 3
a: no special abilities


You were on level 4 of the Dungeon.
You visited 1 branch of the dungeon, and saw 4 of its levels.

You collected 99 gold pieces.

Inventory:

Hand Weapons
 a - a +2 dagger (weapon)
 d - a +0 dagger
 f - a +0 sling
 g - a +0 shortbow
 l - a +0 dagger
 x - a +1 short sword of speed
 O - a +0 whip
 U - a +0 dagger
 W - a +0 dagger
 Y - a +0 whip
Missiles
 i - 2 poisoned darts (quivered)
 p - 3 boomerangs
 q - 8 stones
 H - 7 large rocks
Armour
 b - a +0 robe (worn)
 c - a +0 cloak (worn)
 r - a +0 robe
 B - a +0 robe
 D - an orb of energy (worn)
 T - a +0 robe
Magical Staves
 F - a staff of death
Jewellery
 k - an amulet of the acrobat (around neck)
 I - a +5 ring of evasion (left hand)
 R - a ring of positive energy (right hand)
Scrolls
 e - a scroll of identify {unknown}
 j - a scroll of teleportation {unknown}
 n - a scroll of fear {unknown}
 t - a scroll of noise {unknown}
 A - a scroll of enchant armour {unknown}
 C - a scroll of torment {unknown}
 L - a scroll of magic mapping {unknown}
 V - a scroll of poison {unknown}
 Z - a scroll of vulnerability {unknown}
Potions
 h - a potion of lignification {unknown}
 m - a potion of attraction {unknown}
 o - a potion of resistance {unknown}
 w - a potion of curing {unknown}
 E - a potion of degeneration
 X - 2 potions of mutation {unknown}


   Skills:
 + Level 2.0 Fighting
 + Level 3.5 Short Blades
 + Level 3.9 Throwing
 + Level 3.2 Dodging
 + Level 7.4 Stealth


You had 4 spell levels left.
You didn't know any spells.
Your spell library contained the following spells:

 Spells                   Type           Power      Damage    Failure   Level
 Apportation              Tloc           0%         N/A       54%         1
 Necrotise                Necr           0%         1d4       54%         1
 Summon Small Mammal      Summ           0%         N/A       54%         1
 Portal Projectile        Hex/Tloc       0%         N/A       86%         3
 Tukima's Dance           Hex            0%         N/A       86%         3
 Vhi's Electric Charge    Tloc/Air       0%         N/A       86%         3
 Arcjolt                  Conj/Air       0%         1d10      100%        5
 Blade Hands              Tmut           0%         N/A       100%        5
 Plasma Beam              Fire/Air       0%         2x1d11    100%        6


Dungeon Overview and Level Annotations

Branches:
Dungeon (4/15)
 Temple: D:4-7

Altars:

Shops:
D:3 *


Innate Abilities, Weirdness & Mutations

You are very small and have problems with some larger weapons.
You are too small for most types of armour.
You have supernaturally acute eyesight. (SInv)
You cover ground extremely quickly. (Speed+++)


Message History

You throw a poisoned dart. The poisoned dart hits the orc.
The orc looks as sick as possible!
You kill the orc!
Throw: 3 darts (poison)
Press: ? - help, Q - select action, (/) - cycle Shift-Dir - straight line, f/p - orc priest
Aim: an orc priest, wielding a +0 mace and wearing a +0 leather armour (moderately wounded, poisoned, 63% to hit)
You throw a poisoned dart. The poisoned dart hits the orc wizard!
The orc wizard looks even sicker.
The orc wizard is heavily wounded.
You closely miss the orc wizard.
The orc wizard is heavily wounded.
The orc wizard hits you but does no damage.
You closely miss the orc wizard.
The orc wizard is heavily wounded.
The orc priest looks more healthy.
The orc priest invokes the aid of Beogh against you.
Beogh smites you!
Ouch! That really hurt!
The orc wizard misses you.
You closely miss the orc wizard.
The orc wizard is severely wounded.
The orc wizard misses you.
You barely miss the orc wizard.
The orc wizard is almost dead.
The orc wizard gestures at you while chanting.
You easily resist.
You hit the orc wizard but do no damage.
The orc wizard is almost dead.
You barely miss the orc wizard.
The orc wizard is almost dead.
The orc wizard completely misses you.
You hit the orc wizard but do no damage.
The orc wizard is almost dead.
The orc wizard points at you and mumbles some strange words.
The puff of flame hits you!
* * * LOW HITPOINT WARNING * * *
You kill the orc wizard!
The orc priest mumbles some strange prayers to Beogh against you.
Beogh smites you!
You die...

### ##### ..# #...
#.###.#####.#
#.#<........#
#.###.#######
############....@.......
o.)).o...o.......#######
##################


You could see an orc priest.

Vanquished Creatures
  An ogre (D:4)
  2 orc wizards
  4 gnolls
  An adder (D:2)
  A worm (D:3)
  A dart slug (D:1)
  8 orcs
  3 ball pythons
  5 endoplasms
  2 giant cockroaches
  6 goblins
  7 hobgoblins
  7 kobolds
  3 quokkas
  6 bats
  4 frilled lizards
  3 rats (D:1)
64 creatures vanquished.

Notes
Turn   | Place    | Note
-------+----------+-------------------------------------------
     0 | D:1      | mnelsen79 the Spriggan Brigand began the quest for the Orb.
     0 | D:1      | Reached XP level 1. HP: 10/10 MP: 2/2
    60 | D:1      | Reached skill level 6 in Stealth
   568 | D:1      | Reached XP level 2. HP: 13/14 MP: 3/3
  1437 | D:1      | Reached XP level 3. HP: 16/18 MP: 4/4
  2576 | D:2      | Reached skill level 7 in Stealth
  2591 | D:2      | Reached XP level 4. HP: 22/23 MP: 5/5
  2703 | D:2      | Noticed a scorpion
  2985 | D:3      | Noticed an ogre
  3265 | D:3      | Found Cextotz's Assorted Antiques.
  3430 | D:3      | Reached XP level 5. HP: 26/26 MP: 6/6
  3547 | D:4      | Killed an ogre
  3601 | D:4      | Noticed a phantom
  3778 | D:4      | Killed from afar by an orc priest

Illustrated notes

Levels and vault maps discovered:
D:1:      amcnicky_arrival_double_pillar, layout_loops_corners
D:2:      layout_loops_cross
D:3:      layout_rooms, serial_shops, nicolae_shop_advertising_works
          [nicolae_subvault_shop_adworks]
D:4:      layout_basic

Skill      XL: |  1  2  3  4  5 |
---------------+----------------+-----
Stealth        | 6 7 |  7.4
Dodging        | 2 3 |  3.2
Short Blades   | 3 |  3.5
Throwing       | 3 |  3.9
Fighting       | 2 |  2.0

Action                     |  1- 3 |  4- 6 || total
---------------------------+-------+-------++-------
  Melee: Dagger            |    79 |    98 ||   177
  Throw: Dart              |    41 |    33 ||    74
         Stone             |       |     5 ||     5
    Use: Potion            |     2 |       ||     2
   Stab: Sleeping          |     5 |       ||     5
 Armour: Robe              |    12 |     7 ||    19
  Dodge: Dodged            |    73 |   113 ||   186

Table legend: (Time is in decaauts)
 A = Elapsed time spent in this place.
 B = Non-inter-level travel time spent in this place.
 C = Inter-level travel time spent in this place.
 D = Time resting spent in this place.
 E = Time spent auto-exploring this place.
 F = Levels seen in this place.
 G = Mean time per level.
                   A        B        C        D        E       F      G
               +--------+--------+--------+--------+--------+-----+--------+
         Total |   2441 |   2406 |     35 |      0 |     25 |   4 |  610.2 |
       Dungeon |   2441 |   2406 |     35 |      0 |     25 |   4 |  610.2 |
               +--------+--------+--------+--------+--------+-----+--------+

Top non-repeatable levels by time:
     D:1: 1323 daAuts
     D:2: 543 daAuts
     D:3: 421 daAuts
     D:4: 153 daAuts
